 Dungeon Crawl Stone Soup version 0.27-a0-909-g0721f309d1 (webtiles) character file.

Game seed: 16114621656446059419

2980 siradein the Thaumaturge (level 9, -7/63 HPs)
             Began as a Djinni Hedge Wizard on Apr 9, 2021.
             Was a Believer of Makhleb.
             Mangled by a two-headed ogre
             ... wielding a +0 giant spiked club
              (21 damage)
             ... on level 9 of the Dungeon.
             The game lasted 00:55:53 (8855 turns).

siradein the Thaumaturge (Djinni Hedge Wizard)      Turns: 8855, Time: 00:55:56

Health: -7/63      AC:  6    Str:  9    XL:     9   Next: 83%
Gold:   388        EV: 14    Int: 19    God:    Makhleb [**....] SH:  5 Dex: 13

rFire    + + .     SeeInvis .   p - +4 whip (flame)
rCold    x . .     Faith    .   q - +0 buckler
rNeg     . . .     Spirit   .   z - +1 robe {Will+}
rPois    ∞         Reflect  .   c - +0 hat
rElec    .         Harm     .   n - +2 cloak
rCorr    .         Rampage  .   (no gloves)
Will     +....                  (boots unavailable)
Stlth    ++........             (no amulet)
HPRegen  0.20/turn              (no ring)
MPRegen  0.00/turn              (no ring)

@: flying
A: fire resistance 2, cold vulnerability 1, float, innate caster, hp casting,
extra vitality 1
a: Renounce Religion, Minor Destruction


You were on level 9 of the Dungeon.
You worshipped Makhleb.
Makhleb was pleased with you.
You visited 2 branches of the dungeon, and saw 9 of its levels.

You collected 388 gold pieces.

Inventory:

Hand Weapons
 p - a +4 whip of flaming (weapon)
Missiles
 l - 2 throwing nets
Armour
 c - a +0 hat (worn)
 n - a +2 cloak (worn)
 q - a +0 buckler (worn)
 z - a +1 robe of willpower (worn)
Wands
 m - a wand of paralysis (8)
 u - a wand of flame (13)
 x - a wand of random effects (6)
Scrolls
 d - a scroll of acquirement {unknown}
 e - a scroll of enchant armour {unknown}
 f - a scroll of enchant weapon {unknown}
 g - 3 scrolls of amnesia {unknown}
 j - 2 scrolls of fear {unknown}
 r - 2 scrolls of immolation {unknown}
 s - a scroll of vulnerability {unknown}
 t - a scroll of fog {unknown}
 w - a scroll of teleportation {unknown}
 y - a scroll of noise {unknown}
Potions
 a - 2 potions of heal wounds
 h - 2 potions of brilliance
 i - a potion of curing
 o - 2 potions of attraction {unknown}
 v - a potion of cancellation {unknown}


   Skills:
 + Level 4.4 Fighting
 + Level 4.0 Armour
 + Level 5.2 Dodging
 - Level 1.5 Stealth
 + Level 4.1 Shields
 + Level 8.8 Spellcasting


You had 3 spell levels left.
You knew the following spells:

 Your Spells              Type           Power      Damage    Failure   Level
a - Magic Dart            Conj           100%       1d8       1%          1
b - Blink                 Tloc           N/A        N/A       1%          2
c - Call Imp              Summ           42%        N/A       1%          2
d - Slow                  Hex            42%        N/A       1%          2
e - Conjure Flame         Conj/Fire      42%        6-21      1%          3
f - Mephitic Cloud        Conj/Pois/Air  42%        N/A       1%          3
g - Shock                 Conj/Air       100%       1d9       1%          1
h - Searing Ray           Conj           84%        3d6       1%          2
i - Swiftness             Air            42%        N/A       1%          2
j - Airstrike             Air            21%        N/A       2%          4
Your spell library was empty.

Dungeon Overview and Level Annotations

Branches:
Dungeon (7/15)             Temple (1/1) D:4

Altars:
Ashenzari
Cheibriados
Elyvilon
Hepliaklqana
Kikubaaqudgha
Makhleb
Ru
Trog
Vehumet
Wu Jian

Shops:
D:6 *


Innate Abilities, Weirdness & Mutations

You are immune to poison.
Your flesh is very heat resistant. (rF++)
You are vulnerable to cold. (rC-)
You float through the air rather than walking.
You learn spells naturally, not from books.
Your magical power is your life essence.
You have superior vitality. (+4 HP)


Message History

The two-headed ogre is moderately wounded.
You finish channeling your searing ray.
Casting: Searing Ray (safe; 1% risk of failure)
Confirm with . or Enter, or press ? or * to list all spells.
Aiming: Mephitic Cloud (safe; 1% risk of failure)
Press: ? - help, Shift-Dir - straight line, f/p - two-headed ogre
Aim: a two-headed ogre, wielding a +0 giant spiked club and a +0 giant club (moderately wounded, chance to affect: 53%)
The ball explodes into a vile cloud!
The stinking cloud engulfs the two-headed ogre but does no damage.
The two-headed ogre is moderately wounded.
You hear a shout! x2
The two-headed ogre is engulfed in noxious fumes.
The two-headed ogre appears confused.
The two-headed ogre is engulfed in noxious fumes.
Casting: Mephitic Cloud (safe; 1% risk of failure)
Confirm with . or Enter, or press ? or * to list all spells.
Aiming: Searing Ray (safe; 1% risk of failure)
Press: ? - help, Shift-Dir - straight line, f/p - two-headed ogre
Aim: a two-headed ogre, wielding a +0 giant spiked club and a +0 giant club (heavily wounded, confused, 2% to evade)
The searing ray hits the two-headed ogre!
The two-headed ogre is severely wounded. (Press . to maintain the ray.)
The searing ray hits the two-headed ogre!
The two-headed ogre is almost dead.
The two-headed ogre gestures wildly.
The two-headed ogre seems less confused.
Casting: Searing Ray (safe; 1% risk of failure)
Confirm with . or Enter, or press ? or * to list all spells.
Aiming: Mephitic Cloud (safe; 1% risk of failure)
Press: ? - help, Shift-Dir - straight line, f/p - two-headed ogre
Aim: a two-headed ogre, wielding a +0 giant spiked club and a +0 giant club (severely wounded, chance to affect: 53%)
The ball explodes into a vile cloud!
The stinking cloud engulfs the two-headed ogre but does no damage.
The two-headed ogre is severely wounded.
The stinking cloud engulfs you but does no damage.
The two-headed ogre is engulfed in noxious fumes.
The two-headed ogre hits you with a +0 giant spiked club!!
* * * LOW HITPOINT WARNING * * *
The two-headed ogre hits you with a +0 giant club!!
You die...

#..# #..# #..# #○)#
...# #..# #..# #.)#
#..# #..# #..# #)§#
#..# #.O# #..# #§@#
#####..####..#####.
#..................
###################


You could see a two-headed ogre.

Vanquished Creatures
  Pikel (D:6)
  A kobold demonologist (D:9)
  Prince Ribbit (D:6)
  A wraith (D:9)
  2 water moccasins
  An orc warrior (D:7)
  2 ice beasts
  2 ogres
  A centaur (D:6)
  2 phantoms (D:5)
  A kobold brigand (D:9)
  A gnoll sergeant (D:4)
  A scorpion (D:5)
  A howler monkey (D:6)
  5 orc priests
  Crazy Yiuf (D:2)
  A gnoll shaman (D:4)
  3 hounds
  Jessica (D:3)
  2 iguanas
  3 orc wizards
  A howler monkey zombie (D:7)
  2 howler monkey skeletons (D:7)
  10 adders
  11 gnolls
  2 white imps (D:9)
  An ufetubus (D:3)
  A worm (D:2)
  4 dart slugs
  13 orcs
  9 ball pythons
  5 endoplasms
  3 giant cockroaches
  8 goblins
  13 hobgoblins
  7 jackals
  3 quokkas
  7 bats
  5 frilled lizards
  8 kobolds
  4 rats
151 creatures vanquished.

Vanquished Creatures (others)
  A fungus (D:2)
  12 plants (D:1)
13 creatures vanquished.

Grand Total: 164 creatures vanquished

Notes
Turn   | Place    | Note
-------+----------+-------------------------------------------
     0 | D:1      | siradein the Djinni Hedge Wizard began the quest for the
                  | Orb.
     0 | D:1      | Reached XP level 1. HP: 15/15 MP: 0/0
   149 | D:1      | Reached skill level 3 in Spellcasting
   729 | D:1      | Reached XP level 2. HP: 11/21 MP: 0/0
  1522 | D:1      | Reached XP level 3. HP: 20/25 MP: 0/0
  1522 | D:1      | Learned a level 1 spell: Shock
  1933 | D:1      | Found a faded altar of an unknown god.
  2328 | D:2      | Reached skill level 4 in Spellcasting
  2577 | D:2      | Reached XP level 4. HP: 28/31 MP: 0/0
  3018 | D:2      | Found a runed translucent door.
  3019 | D:2      | Noticed Crazy Yiuf
  3387 | D:2      | Reached XP level 5. HP: 29/35 MP: 0/0
  3387 | D:2      | Learned a level 2 spell: Searing Ray
  3504 | D:2      | Found a snail-covered altar of Cheibriados.
  3623 | D:2      | Killed Crazy Yiuf
  3847 | D:3      | Reached skill level 5 in Spellcasting
  3979 | D:3      | Noticed Jessica
  3982 | D:3      | Killed Jessica
  4170 | D:3      | Noticed an ice beast
  4199 | D:3      | Killed an ice beast
  4200 | D:3      | Reached XP level 6. HP: 22/40 MP: 0/0
  4542 | D:3      | Reached skill level 6 in Spellcasting
  4821 | D:4      | Reached XP level 7. HP: 31/45 MP: 0/0
  4821 | D:4      | Learned a level 2 spell: Swiftness
  5101 | D:4      | Found a staircase to the Ecumenical Temple.
  5116 | Temple   | Entered the Ecumenical Temple
  5128 | Temple   | Became a worshipper of Makhleb the Destroyer
  5896 | D:4      | Reached skill level 7 in Spellcasting
  6436 | D:5      | Entered Level 5 of the Dungeon
  6884 | D:5      | Reached XP level 8. HP: 39/50 MP: 0/0
  6901 | D:5      | Reached skill level 1 in Fighting
  6901 | D:5      | Reached skill level 8 in Spellcasting
  7203 | D:5      | Reached * piety under Makhleb
  7522 | D:6      | Noticed Pikel
  7529 | D:6      | Killed Pikel
  7770 | D:6      | Reached XP level 9. HP: 49/60 MP: 0/0
  7770 | D:6      | Learned a level 4 spell: Airstrike
  7871 | D:6      | Noticed Prince Ribbit
  7880 | D:6      | Killed Prince Ribbit
  8079 | D:6      | Found Yguv's Assorted Antiques.
  8110 | D:6      | Found a sacrificial altar of Ru.
  8338 | D:6      | Found a hazy altar of Hepliaklqana.
  8358 | D:6      | Found a broken altar of Ashenzari.
  8758 | D:7      | You are sucked into a shaft and drop 2 floors!
  8799 | D:9      | Noticed a kobold demonologist
  8833 | D:9      | Noticed a two-headed ogre
  8841 | D:9      | Killed a kobold demonologist
  8842 | D:9      | Reached skill level 5 in Dodging
  8843 | D:9      | Reached ** piety under Makhleb
  8855 | D:9      | Mangled by a two-headed ogre

Illustrated notes

Levels and vault maps discovered:
D:1:      lordsloth_arrival_two_stooges, layout_basic, basic_ecumenical_altar,
          serial_bayou_ford_a, minmay_hexomino_f4
D:2:      layout_basic, basic_altar, uniq_crazy_yiuf_cottage
D:3:      layout_rooms, interstate_on_off, kennysheep_minor_cross,
          grunt_decor_one_mirror, uniq_jessica
D:4:      layout_basic, lemuel_tele_altar, minmay_temple_entry_slanted,
          minmay_pentomino_pile
D:5:      layout_basic, lemuel_another_geyser
D:6:      layout_cave_pools, kennysheep_little_box, lemuel_doored_altar,
          kennysheep_mini_moat, nicolae_ru_sacrificial_ziggurat, serial_shops,
          nicolae_shop_trees, ebering_dispersal_statue_hall, uniq_pikel,
          uniq_prince_ribbit1
D:7:      layout_cave_pools, grunt_temple_overflow_gold_and_silver,
          led_sif_book, corner_web_ring, columned_hall_lemuel
D:9:      layout_long_grid, fedhas_ov_isle_minmay, lair_entry_dummy,
          serial_shops, nicolae_shop_behind_doors, serial_ice, serial_ice_m,
          serial_ice_h, serial_ice_o, serial_ice_f
Temple:   nicolae_temple_god_jail

Skill      XL: |  1  2  3  4  5  6  7  8  9 |
---------------+----------------------------+-----
Spellcasting   | 3 4 5 6 7 8 |  8.8
Fighting       | 3 4 |  4.4
Armour         | 2 4 |  4.0
Dodging        | 3 5 |  5.2
Shields        | 2 4 |  4.1
Stealth        | |  1.5

Action                   |  1- 3 |  4- 6 |  7- 9 || total
-------------------------+-------+-------+-------++-------
 Cast: Magic Dart        |    71 |       |       ||    71
       Shock             |    45 |    85 |   108 ||   238
       Slow              |       |     5 |     2 ||     7
       Searing Ray       |       |    12 |    34 ||    46
       Mephitic Cloud    |       |     1 |    23 ||    24
  Use: Scroll            |     2 |     1 |     3 ||     6
Armor: Robe              |     9 |     2 |    12 ||    23
Dodge: Dodged            |    16 |     4 |    26 ||    46
Block: Buckler           |       |       |     8 ||     8

Table legend: (Time is in decaauts)
 A = Elapsed time spent in this place.
 B = Non-inter-level travel time spent in this place.
 C = Inter-level travel time spent in this place.
 D = Time resting spent in this place.
 E = Time spent auto-exploring this place.
 F = Levels seen in this place.
 G = Mean time per level.
                   A        B        C        D        E       F      G
               +--------+--------+--------+--------+--------+-----+--------+
         Total |   8856 |   8736 |    120 |    719 |   7037 |   9 |  984.0 |
       Dungeon |   8831 |   8711 |    120 |    719 |   7032 |   8 | 1103.9 |
        Temple |     24 |     24 |      0 |      0 |      5 |   1 |   24.0 |
               +--------+--------+--------+--------+--------+-----+--------+

Top non-repeatable levels by time:
     D:1: 2258 daAuts
     D:2: 1585 daAuts
     D:4: 1430 daAuts
     D:3: 1137 daAuts
     D:5: 1085 daAuts
     D:6: 1024 daAuts
     D:7: 210 daAuts
     D:9: 99 daAuts
  Temple: 24 daAuts
